 Dungeon Crawl Stone Soup version 0.29.0-13-gc9e81de378 (webtiles) character file.

Game seed: 12586773654348606598

135 sanka the Ducker (level 5, -1/42 HPs)
             Began as a Merfolk Brigand on Sept 7, 2022.
             Was a High Priest of Ignis.
             Slain by a kobold
             ... wielding a +1 dagger of venom
              (2 damage)
             ... on level 3 of the Dungeon.
             The game lasted 00:03:34 (3306 turns).

sanka the Ducker (Merfolk Brigand)                  Turns: 3306, Time: 00:03:35

Health: -1/42      AC:  8    Str: 10 (12) XL:     5   Next: 18%
Magic:  5/5        EV: 14    Int:  8 (10) God:    Ignis [*****.]
Gold:   134        SH:  0    Dex: 17      Spells: 4/4 levels left

rFire   + + .      SeeInvis .   a - +2 dagger
rCold   + . .      Faith    +   (no shield)
rNeg    . . .      Spirit   .   b - +0 robe
rPois   +          Reflect  .   (no helmet)
rElec   +          Harm     .   c - +0 cloak
rCorr   +          Rampage  .   m - +0 pair of gloves
Will    .....                   (no boots)
Stlth   +++.......              h - amulet of faith
HPRegen 0.14/turn               (no ring)
MPRegen 0.09/turn               i - +4 ring of protection

@: lethally poisoned (-1 -> -10), resistant, hasted, very quick
A: (nimble swimmer 2), mertail
a: Renounce Religion, Fiery Armour, Foxfire Swarm, Rising Flame


You were on level 3 of the Dungeon.
You worshipped Ignis.
Ignis was extremely pleased with you.
You visited 1 branch of the dungeon, and saw 4 of its levels.

You collected 134 gold pieces.


Innate Abilities, Weirdness & Mutations

((You are very nimble when in or above water. (Stealth+, EV+, Speed+++)))
Your lower body shifts to a powerful aquatic tail in water.


   Skills:
 + Level 4.3 Fighting
 - Level 2.4 Short Blades
 - Level 2.0 Throwing
 + Level 4.6 Dodging
 - Level 4.3 Stealth


You had 4 spell levels left.
You didn't know any spells.
Your spell library contained the following spells:

 Spells                   Type           Power      Damage    Failure   Level
 Apportation              Tloc           0%         N/A       41%         1
 Necrotise                Necr           0%         1d4       41%         1
 Summon Small Mammal      Summ           0%         N/A       41%         1
 Dazzling Flash           Conj/Hex       0%         N/A       78%         3
 Gell's Gravitas          Tloc           0%         N/A       78%         3
 Teleport Other           Tloc           0%         N/A       78%         3
 Iskenderun's Mystic Bla  Conj/Tloc      0%         2d3       99%         4
 Dispersal                Tloc           0%         N/A       100%        6
 Starburst                Conj/Fire      0%         6d3       100%        6

Inventory:

Hand Weapons
 a - a +2 dagger (weapon)
Missiles
 d - 23 poisoned darts (quivered)
 e - 3 curare-tipped darts {=f}
Armour
 b - a +0 robe (worn)
 c - a +0 cloak (worn)
 m - a +0 pair of gloves (worn)
 p - a scarf of resistance
Jewellery
 h - an amulet of faith (around neck)
 i - a +4 ring of protection (right hand)
 q - a ring of fire
Scrolls
 f - a scroll of magic mapping
 g - a scroll of teleportation {unknown}
 l - a scroll of poison {!r}
 n - a scroll of identify {unknown}
Potions
 j - a potion of might
 o - a potion of brilliance

Dungeon Overview and Level Annotations

Branches:
Dungeon (4/15)
 Temple: D:4-7

Altars:
Ignis

▒ ▒.▒ ▒.......▒▒▒▒▒▒▒▒▒.▒ ▒
▒.▒▒▒▒▒####.##'.....▒ ▒.▒ ▒
▒....▒▒####..#▒▒▒▒▒.▒▒▒.▒▒▒ ▒
▒▒▒▒.▒▒.####.###....##....▒
▒▒▒▒▒▒.▒▒..###.##▒▒▒.#▒▒▒▒▒.▒
....▒▒..▒▒▒▒▒##▒#▒▒▒##▒▒▒▒▒.▒▒▒▒▒
[...+....######▒####..▒...▒......
....▒▒.▒▒▒▒▒###K##▒▒▒.▒...▒▒▒▒▒▒▒
....▒▒.▒▒▒▒▒▒.>▒m▒▒ ▒............
....▒▒.▒.......▒#▒▒ ▒.....▒▒▒▒▒▒▒
....▒▒.........▒##▒ ▒.....▒ ▒
....▒▒▒▒.▒▒▒▒▒.▒▒#▒ ▒.....▒ ▒
....▒ ▒.▒ ▒.▒▒#▒ ▒....▒▒ ▒
....▒▒▒▒.▒▒▒▒▒.▒▒#▒ ▒▒▒▒▒▒ ▒
.............▒.▒▒#▒ ▒
.....▒▒▒.▒▒▒.▒.▒▒#▒ ▒ ▒▒▒▒.▒▒▒.▒
▒.▒.▒▒.▒ ▒


You could see a kobold.


Message History

Orders for allies: a - Attack new target. r - Retreat! s - Stop attacking. g - Guard the area. f - Follow me.
Anything else - Cancel.
Okay, then.
You feel as though your hastened speed will last longer.
* * * LOW HITPOINT WARNING * * *
You feel sick.
The kobold hits you with a +1 dagger of venom.
* * * LOW HITPOINT WARNING * * *
You are more poisoned.
Unknown command.
It was a potion of resistance.
You feel protected.
* * * LOW HITPOINT WARNING * * *
You feel sick.
Okay, then.
As you read the scroll labelled WAEFA MUEFAT, it crumbles to dust.
You feel momentarily disoriented.
It was a scroll of magic mapping.
* * * LOW HITPOINT WARNING * * *
You feel sick. The kobold hits you but does no damage.
The air fills with toxic fumes!
As you read the scroll labelled BOXUNK CEOZUFO, it crumbles to dust.
It was a scroll of poison.
* * * LOW HITPOINT WARNING * * *
You feel sick.
The kobold hits you with a +1 dagger of venom.
You die...

Action                   |  1- 3 |  4- 6 || total
-------------------------+-------+-------++-------
Melee: Dagger            |   108 |    74 ||   182
       Punch             |       |     2 ||     2
  Use: Potion            |       |     7 ||     7
       Scroll            |       |     2 ||     2
 Stab: Sleeping          |    11 |       ||    11
Armor: Robe              |    28 |    37 ||    65
Dodge: Dodged            |    52 |    56 ||   108

Levels and vault maps discovered:
D:1:      dpeg_arrival_rooms_b, layout_basic, chequers_ecumenical_altar_lobes
D:2:      layout_basic, minmay_misc_feat_secret_circle
D:3:      layout_basic, uniq_jessica
D:4:      layout_basic, gammafunk_temple_overflow_pools, temple_green,
          cheibrodos_sewer_entry_bend

Notes
Turn   | Place    | Note
-------+----------+-------------------------------------------
     0 | D:1      | sanka the Merfolk Brigand began the quest for the Orb.
     0 | D:1      | Reached XP level 1. HP: 16/16 MP: 1/1
   202 | D:1      | Reached skill level 2 in Dodging
   210 | D:1      | Reached XP level 2. HP: 23/23 MP: 2/2
   807 | D:1      | Found a faded altar of an unknown god.
   926 | D:1      | Prayed at the altar of an unknown god.
   926 | D:1      | Became a worshipper of Ignis, the Dying Flame
  1244 | D:2      | Reached skill level 3 in Fighting
  1317 | D:2      | Reached XP level 3. HP: 29/29 MP: 3/3
  1373 | D:2      | Reached skill level 3 in Dodging
  1554 | D:2      | Identified a scarf of resistance
  2230 | D:3      | Noticed Jessica
  2239 | D:3      | Killed Jessica
  2240 | D:3      | Reached XP level 4. HP: 29/37 MP: 4/4
  2330 | D:3      | Reached skill level 4 in Dodging
  2373 | D:3      | Reached skill level 4 in Fighting
  2679 | D:3      | Reached XP level 5. HP: 38/42 MP: 5/5
  3304 | D:3      | Identified a potion of resistance
  3305 | D:3      | HP: 3/42 [poisoned by a kobold]
  3306 | D:3      | HP: 1/42 [poisoned by a kobold]
  3306 | D:3      | Slain by a kobold

Vanquished Creatures
  Jessica (D:3)
  An orc wizard (D:3)
  3 adders (D:3)
  3 orcs (D:3)
  6 ball pythons
  3 bats
  7 endoplasms
  6 goblins
  5 hobgoblins
  2 jackals (D:3)
  2 quokkas
  3 kobolds
  8 rats
50 creatures vanquished.
